 Dungeon Crawl Stone Soup version 0.29-a0-813-g4a14ea37d6 (webtiles) character file.

Game seed: 7586678651050588087

152 pokeman the Magician (level 5, 0/29 HPs)
             Began as a Deep Elf Hedge Wizard on July 4, 2022.
             Slain by a bullfrog (5 damage)
             ... on level 7 of the Dungeon.
             The game lasted 00:04:52 (4052 turns).

pokeman the Magician (Deep Elf Hedge Wizard)        Turns: 4052, Time: 00:04:52

Health: 0/29       AC:  4    Str:  7    XL:     5   Next: 11%
Magic:  4/15       EV: 12    Int: 21    God:
Gold:   171        SH:  0    Dex: 14    Spells: 5/16 levels left

rFire   . . .      SeeInvis .   q - +3 rapier
rCold   . . .      Faith    .   (no shield)
rNeg    . . .      Spirit   .   n - +0 leather armour
rPois   .          Reflect  .   c - +0 hat
rElec   .          Harm     .   s - +0 cloak
rCorr   .          Rampage  .   (no gloves)
Will    .....                   (no boots)
Stlth   ++........              (no amulet)
HPRegen 0.09/turn               (no ring)
MPRegen 0.14/turn               (no ring)

@: very slightly contaminated
A: no striking features
a: no special abilities


You were on level 7 of the Dungeon.
You visited 1 branch of the dungeon, and saw 5 of its levels.

You collected 171 gold pieces.

Inventory:

Hand Weapons
 q - a +3 rapier (weapon)
Armour
 c - a +0 hat (worn)
 n - a +0 leather armour (worn)
 r - a +2 buckler
 s - a +0 cloak (worn)
Wands
 t - a wand of paralysis (3)
Scrolls
 b - a scroll of torment {unknown}
 e - 2 scrolls of fog {unknown}
 g - 2 scrolls of enchant weapon {unknown}
 i - 2 scrolls of identify {unknown}
 l - a scroll of enchant armour {unknown}
 m - a scroll of teleportation {unknown}
 o - 4 scrolls of immolation {unknown}
 p - a scroll of noise {unknown}
Potions
 a - 2 potions of lignification {unknown}
 d - a potion of magic
 f - a potion of resistance {unknown}
 h - 2 potions of invisibility {unknown}
 j - 2 potions of brilliance {unknown}
 k - 2 potions of might {unknown}


   Skills:
 - Level 1.0 Fighting
 - Level 1.0 Armour
 - Level 3.0 Dodging
 - Level 3.0 Stealth
 + Level 0.1 Shields
 * Level 6.0 Spellcasting
 + Level 2.6 Conjurations
 - Level 1.1 Summonings
 - Level 1.1 Translocations
 + Level 0.0 Fire Magic


You had 5 spell levels left.
You knew the following spells:

 Your Spells              Type           Power      Damage    Failure   Level
a - Magic Dart            Conj           68%        1d6       4%          1
b - Mephitic Cloud        Conj/Pois/Air  10%        N/A       30%         3
c - Call Imp              Summ           11%        N/A       14%         2
d - Blink                 Tloc           22%        N/A       14%         2
e - Conjure Flame         Conj/Fire      12%        6-21      24%         3

Your spell library contained the following spells:

 Spells                   Type           Power      Damage    Failure   Level
 Apportation              Tloc           22%        N/A       9%          1
 Summon Small Mammal      Summ           44%        N/A       9%          1
 Necrotise                Necr           24%        1d5       14%         1
 Slow                     Hex            24%        N/A       14%         1
 Passage of Golubria      Tloc           11%        N/A       65%         4
 Silence                  Hex/Air        3%         N/A       98%         5
 Lehudib's Crystal Spear  Conj/Erth      5%         10d3      100%        8


Dungeon Overview and Level Annotations

Branches:
Dungeon (7/15)
 Temple: D:4-7

Altars:
Cheibriados

Shops:
D:4 *

Annotations:
D:7 Menkaure


Message History

Menkaure hits your iron imp!!
Your iron imp dies!
Your iron imp disappears in a puff of smoke!
Casting: Call Imp (safe; 14% risk of failure)
Confirm with . or Enter, or press ? or * to list all spells.
A beastly little devil appears in a puff of flame.
Menkaure calls on the powers of darkness!
Your body is wracked with pain!
Menkaure calls on the powers of darkness!
Your body is wracked with pain!
Your crimson imp blinks!
Menkaure gestures at you while chanting.
You struggle to resist.
Menkaure calls on the powers of darkness!
Your body is wracked with pain!
* * * LOW HITPOINT WARNING * * *
Menkaure hits your crimson imp.
Your crimson imp hits Menkaure.
Menkaure barely misses your crimson imp.
Your crimson imp barely misses Menkaure.
A bullfrog comes into view.
The bullfrog gives a loud, deep croak!
Menkaure hits your crimson imp.
Your crimson imp hits Menkaure.
The bullfrog moves out of view.
Menkaure calls on the powers of darkness!
Your body is wracked with pain!
* * * LOW HITPOINT WARNING * * *
Your crimson imp hits Menkaure but does no damage.
Something closely misses your crimson imp.
Casting: Call Imp (safe; 14% risk of failure)
Confirm with . or Enter, or press ? or * to list all spells.
The spell is extremely dangerous to miscast (30% risk of failure)!
Continue anyway?
Aiming: Mephitic Cloud (extremely dangerous; 30% risk of failure)
Press: ? - help, Shift-Dir - straight line, f - bullfrog
Aim: a bullfrog (chance to affect: 81%)
You miscast Mephitic Cloud.
You are very lightly contaminated with residual magic.
Nothing appears to happen.
Menkaure hits your crimson imp.
Your crimson imp closely misses Menkaure.
Found 17 gold pieces.
The bullfrog hits you.
You die...

###### #..... ##.....
......$ #.....########
#.....@......#######.##
#...##..F####.5M........
# #...## #...########
#..... #...#
#...##.##...#
.............#
#...[.........#
#..Y..........#
...........#


You could see an ice beast, a bullfrog and a friendly crimson imp (summoned).

Vanquished Creatures
  An iron imp (D:4)
  6 adders
  A white imp (D:7)
  2 dart slugs
  6 ball pythons
  7 bats
  5 endoplasms
  2 giant cockroaches (D:1)
  3 goblins
  6 hobgoblins
  A quokka (D:2)
  2 frilled lizards
  7 kobolds
  10 rats
59 creatures vanquished.

Vanquished Creatures (collateral kills)
  A kobold (D:4)
1 creature vanquished.

Grand Total: 60 creatures vanquished

Notes
Turn   | Place    | Note
-------+----------+-------------------------------------------
     0 | D:1      | pokeman the Deep Elf Hedge Wizard began the quest for the
                  | Orb.
     0 | D:1      | Reached XP level 1. HP: 10/10 MP: 7/7
   266 | D:1      | Found a faded altar of an unknown god.
   492 | D:1      | Reached XP level 2. HP: 15/15 MP: 6/9
  1418 | D:2      | Reached skill level 5 in Spellcasting
  1610 | D:2      | Reached XP level 3. HP: 20/20 MP: 8/11
  1616 | D:2      | Learned a level 3 spell: Mephitic Cloud
  1619 | D:2      | Learned a level 2 spell: Call Imp
  1622 | D:2      | Learned a level 2 spell: Blink
  1626 | D:2      | Learned a level 3 spell: Conjure Flame
  2116 | D:2      | Reached skill level 1 in Fighting
  2116 | D:2      | Reached skill level 1 in Armour
  2733 | D:3      | Reached XP level 4. HP: 25/25 MP: 8/13
  3475 | D:4      | Found a snail-covered altar of Cheibriados.
  3836 | D:4      | Found Vuzibrez's Assorted Antiques.
  3918 | D:4      | Reached skill level 6 in Spellcasting
  3918 | D:4      | Reached XP level 5. HP: 29/29 MP: 9/15
  4005 | D:4      | You fall into a shaft and drop 3 floors!
  4020 | D:7      | Noticed an ice beast
  4032 | D:7      | Noticed Menkaure
  4052 | D:7      | Slain by a bullfrog

Illustrated notes

Levels and vault maps discovered:
D:1:      matt_arrival_refuge, layout_basic,
          shapermc_ecumenical_altar_mp_vishouse, bh_walls_and_bars
D:2:      layout_loops_ring, minmay_hedge_maze
D:3:      layout_loops_ring, kennysheep_potato
D:4:      layout_basic, nicolae_ru_awakened_eye, slow_altar_1,
          kennysheep_small_circle
D:7:      layout_rooms, uniq_pikel, uniq_menkaure, uniq_crazy_yiuf_cottage

Skill      XL: |  1  2  3  4 |
---------------+-------------+-----
Spellcasting   | 5 6 |  6.0
Conjurations   | 2 |  2.6
Fighting       | 1 |  1.0
Armour         | 1 |  1.0
Stealth        | 3 |  3.0
Dodging        | 3 |  3.0
Shields        | |  0.1
Summonings     | |  1.1
Translocations | |  1.1

Action                   |  1- 3 |  4- 6 || total
-------------------------+-------+-------++-------
Melee: Rapier            |       |     7 ||     7
 Cast: Magic Dart        |   119 |    56 ||   175
       Call Imp          |       |     4 ||     4
Armor: Robe              |     4 |       ||     4
       Leather armour    |       |     6 ||     6
Dodge: Dodged            |    17 |    16 ||    33

Table legend: (Time is in decaauts)
 A = Elapsed time spent in this place.
 B = Non-inter-level travel time spent in this place.
 C = Inter-level travel time spent in this place.
 D = Time resting spent in this place.
 E = Time spent auto-exploring this place.
 F = Levels seen in this place.
 G = Mean time per level.
                   A        B        C        D        E       F      G
               +--------+--------+--------+--------+--------+-----+--------+
         Total |   4051 |   3982 |     69 |      0 |   3589 |   5 |  810.2 |
       Dungeon |   4051 |   3982 |     69 |      0 |   3589 |   5 |  810.2 |
               +--------+--------+--------+--------+--------+-----+--------+

Top non-repeatable levels by time:
     D:1: 1415 daAuts
     D:3: 1064 daAuts
     D:2: 928 daAuts
     D:4: 597 daAuts
     D:7: 46 daAuts
